FSL
DAYTONA TORTUGAS @ BRADENTON MARAUDERS
08/14/2099
 
TOP OF THE 1ST
Daytona Tortugas batting - Pitching for Bradenton Marauders : LHP Alex Santana
Pitching: LHP Alex Santana
Batting: RHB Mike Arnold 0-0: Swinging Strike
0-1: Ball
1-1: Foul Ball, location: 23FF
1-2: Foul Ball, location: 5F
1-2: Ball
2-2: Strikes out looking
Batting: RHB Kyle Chouinard 0-0: Called Strike
0-1: DOUBLE (Flyball, 78D, EV 101.9 MPH)
Batting: RHB David Clinkscale 0-0: Called Strike
0-1: Ball
1-1: Swinging Strike
1-2: Ball
2-2: Ball
3-2: Strikes out swinging, 2-3 out at first.
Batting: RHB Brian Radford 0-0: Called Strike
0-1: Ball
1-1: Ground out 5-3 (Groundball, 5S, EV 90.6 MPH)
Top of the 1st over - 0 runs, 1 hit, 0 errors, 1 left on base; Daytona 0 - Bradenton 0
BOTTOM OF THE 1ST
Bradenton Marauders batting - Pitching for Daytona Tortugas : RHP Dan Averill
Pitching: RHP Dan Averill
Batting: RHB John Sexton 0-0: Foul Ball, location: 5FF
0-1: Fly out, F7 (Flyball, 7LD, EV 97.5 MPH)
Batting: RHB Luis Pena 0-0: Foul Ball, location: 5SF
0-1: Called Strike
0-2: Strikes out swinging
Batting: RHB Alejandro Fernandez 0-0: Foul Ball, location: 2F
0-1: Foul Ball, location: 2F
0-2: Ground out 3-1 (Groundball, 34, EV 95.0 MPH)
Bottom of the 1st over - 0 runs, 0 hits, 0 errors, 0 left on base; Daytona 0 - Bradenton 0
TOP OF THE 2ND
Daytona Tortugas batting - Pitching for Bradenton Marauders : LHP Alex Santana
Batting: SHB Julio Sanchez 0-0: Foul Ball, location: 2F
0-1: Swinging Strike
0-2: Foul Ball, location: 2F
0-2: Foul Ball, location: 2F
0-2: Ball
1-2: Foul Ball, location: 5SF
1-2: Strikes out swinging
Batting: RHB Orlando Morales 0-0: Called Strike
0-1: Ball
1-1: Ball
2-1: Ground out 6-3 (Groundball, 6, EV 105.0 MPH)
Batting: RHB Rich Holland 0-0: Foul Ball, location: 9LMF
0-1: Ball
1-1: Foul Ball, location: 5FF
1-2: Ball
2-2: Ground out 6-3 (Groundball, 6, EV 83.1 MPH)
Top of the 2nd over - 0 runs, 0 hits, 0 errors, 0 left on base; Daytona 0 - Bradenton 0
BOTTOM OF THE 2ND
Bradenton Marauders batting - Pitching for Daytona Tortugas : RHP Dan Averill
Batting: RHB Sean Malone 0-0: Swinging Strike
0-1: Foul Ball, location: 5FF
0-2: SINGLE (Line Drive, 9S, EV 94.4 MPH)
Batting: RHB Noel Jacobs 0-0: Called Strike
0-1: SINGLE (Groundball, 6MD, EV 93.8 MPH)
Sean Malone to second
Batting: RHB Mike Clinton 0-0: Called Strike
0-1: DOUBLE (Line Drive, 7LS, EV 99.4 MPH)
Sean Malone scores
Noel Jacobs to third
Batting: RHB Freddy Castellanos 0-0: Ball
1-0: Called Strike
1-1: Ball
2-1: Called Strike
2-2: Hit by Pitch
Batting: RHB Jim Arnold 0-0: Foul Ball, location: 9LMF
0-1: Swinging Strike
0-2: Ball
1-2: Ball
Wild Pitch!
Noel Jacobs scores
Mike Clinton to third
Freddy Castellanos to second
2-2: Foul Ball, location: 3SF
2-2: Ball
3-2: Foul Ball, location: 5F
3-2: Foul Ball, location: 2F
3-2: Strikes out swinging
Batting: RHB Justin Anselmi 0-0: Ball
1-0: Foul Ball, location: 2F
1-1: Called Strike
1-2: Ball
2-2: Fly out, F3 (Popup, 3, EV 65.0 MPH)
Batting: RHB John Sexton 0-0: Ball
1-0: Swinging Strike
1-1: Ball
2-1: Foul Ball, location: 9LMF
2-2: Ball
3-2: Base on Balls
Batting: RHB Luis Pena 0-0: Ball
1-0: Ball
2-0: Ball
3-0: Called Strike
3-1: Fielders Choice at 2nd, 6-4 (Groundball, 56, EV 98.8 MPH)
Bottom of the 2nd over - 2 runs, 3 hits, 0 errors, 3 left on base; Daytona 0 - Bradenton 2
TOP OF THE 3RD
Daytona Tortugas batting - Pitching for Bradenton Marauders : LHP Alex Santana
Batting: RHB Sean Wisher 0-0: Ball
1-0: Called Strike
1-1: Fly out, F7 (Line Drive, 7LM, EV 89.4 MPH)
Batting: RHB Tim Doucet 0-0: Ball
1-0: Ball
2-0: Ball
3-0: Base on Balls
Batting: RHB Mike Arnold 0-0: Fielders Choice at 2nd, 6-4 (Groundball, 6, EV 84.4 MPH)
Batting: RHB Kyle Chouinard 0-0: Swinging Strike
0-1: Ball
Mike Arnold steals 2nd base
1-1: Foul Ball, location: 3DF
1-2: Fly out, F2 (Popup, 25F, EV 77.5 MPH)
Top of the 3rd over - 0 runs, 0 hits, 0 errors, 1 left on base; Daytona 0 - Bradenton 2
BOTTOM OF THE 3RD
Bradenton Marauders batting - Pitching for Daytona Tortugas : RHP Dan Averill
Batting: RHB Alejandro Fernandez 0-0: Ball
1-0: Called Strike
1-1: Called Strike
1-2: Strikes out swinging
Batting: RHB Sean Malone 0-0: Ball
1-0: Foul Ball, location: 2F
1-1: Ball
2-1: Foul Ball, location: 5SF
2-2: Strikes out swinging
Batting: RHB Noel Jacobs 0-0: Called Strike
0-1: Foul Ball, location: 2F
0-2: Foul Ball, location: 2F
0-2: Strikes out swinging
Bottom of the 3rd over - 0 runs, 0 hits, 0 errors, 0 left on base; Daytona 0 - Bradenton 2
TOP OF THE 4TH
Daytona Tortugas batting - Pitching for Bradenton Marauders : LHP Alex Santana
Batting: RHB David Clinkscale 0-0: Called Strike
0-1: Foul Ball, location: 7LMF
0-2: Ground out 5-3 (Groundball, 56, EV 99.4 MPH)
Batting: RHB Brian Radford 0-0: Ball
1-0: Swinging Strike
1-1: Called Strike
1-2: Foul Ball, location: 23F
1-2: Foul Ball, location: 2F
1-2: Ball
2-2: Foul Ball, location: 25F
2-2: Ball
3-2: Fly out, F7 (Flyball, 7, EV 95.6 MPH)
Batting: SHB Julio Sanchez 0-0: Swinging Strike
0-1: Ball
1-1: Ball
2-1: Foul Ball, location: 9LSF
2-2: Ball
3-2: Foul Ball, location: 2F
3-2: Fly out, F7 (Flyball, 78M, EV 86.3 MPH)
Top of the 4th over - 0 runs, 0 hits, 0 errors, 0 left on base; Daytona 0 - Bradenton 2
BOTTOM OF THE 4TH
Bradenton Marauders batting - Pitching for Daytona Tortugas : RHP Dan Averill
Batting: RHB Mike Clinton 0-0: Ball
1-0: Foul Ball, location: 2F
1-1: Swinging Strike
1-2: Strikes out looking
Batting: RHB Freddy Castellanos 0-0: Called Strike
0-1: Ball
1-1: Called Strike
1-2: Foul Ball, location: 9LMF
1-2: Ball
2-2: SINGLE (Groundball, 6MD, EV 105.0 MPH)
Batting: RHB Jim Arnold 0-0: Ball
1-0: Called Strike
1-1: Called Strike
1-2: Ball
2-2: Foul Ball, location: 3FF
2-2: Strikes out swinging
Batting: RHB Justin Anselmi 0-0: Called Strike
0-1: Fly out, F2 (Popup, 23F, EV 83.1 MPH)
Bottom of the 4th over - 0 runs, 1 hit, 0 errors, 1 left on base; Daytona 0 - Bradenton 2
TOP OF THE 5TH
Daytona Tortugas batting - Pitching for Bradenton Marauders : LHP Alex Santana
Batting: RHB Orlando Morales 0-0: Ball
1-0: Foul Ball, location: 25F
1-1: Ball
2-1: Ball
3-1: Base on Balls
Pitching: RHP Alfonso Lucero
Batting: RHB Rich Holland 0-0: Called Strike
0-1: Foul Ball, location: 23FF
0-2: Fly out, F9 (Flyball, 9LS, EV 98.1 MPH)
Batting: RHB Sean Wisher 0-0: Ball
Orlando Morales steals 2nd base
1-0: Swinging Strike
1-1: Swinging Strike
1-2: Ground out 5-3 (Groundball, 5, EV 86.9 MPH)
Batting: RHB Tim Doucet 0-0: Swinging Strike
0-1: Fly out, F8 (Flyball, 89M, EV 90.6 MPH)
Top of the 5th over - 0 runs, 0 hits, 0 errors, 1 left on base; Daytona 0 - Bradenton 2
BOTTOM OF THE 5TH
Bradenton Marauders batting - Pitching for Daytona Tortugas : RHP Dan Averill
Batting: RHB John Sexton 0-0: Foul Ball, location: 5DF
0-1: Ball
1-1: Swinging Strike
1-2: Fly out, F9 (Flyball, 9LS, EV 80.6 MPH)
Batting: RHB Luis Pena 0-0: Foul Ball, location: 3F
0-1: Ball
1-1: SINGLE (Flyball, 3D, EV 91.9 MPH)
Batting: RHB Alejandro Fernandez 0-0: Ball
1-0: 2-RUN HOME RUN (Line Drive, 7D, EV 96.9 MPH), Distance : 358 ft
Batting: RHB Sean Malone 0-0: Ball
1-0: Ball
2-0: Foul Ball, location: 7LDF
2-1: Fly out, F4 (Popup, 4, EV 58.1 MPH)
Batting: RHB Noel Jacobs 0-0: Ball
1-0: Ball
2-0: Ball
3-0: Base on Balls
Batting: RHB Mike Clinton 0-0: Ball
1-0: Ball
2-0: Called Strike
2-1: Swinging Strike
2-2: Strikes out swinging
Bottom of the 5th over - 2 runs, 2 hits, 0 errors, 1 left on base; Daytona 0 - Bradenton 4
TOP OF THE 6TH
Daytona Tortugas batting - Pitching for Bradenton Marauders : RHP Alfonso Lucero
Batting: RHB Mike Arnold 0-0: Ball
1-0: Swinging Strike
1-1: Foul Ball, location: 5F
1-2: SINGLE (Line Drive, 9S, EV 106.9 MPH)
Batting: RHB Kyle Chouinard 0-0: Ball
1-0: Called Strike
1-1: Ball
2-1: Ball
3-1: Fly out, F7 (Flyball, 78S, EV 96.9 MPH)
Batting: RHB David Clinkscale 0-0: Swinging Strike
0-1: Ball
1-1: Ball
2-1: Ball
Mike Arnold steals 2nd base
3-1: Foul Ball, location: 2F
3-2: 2-RUN HOME RUN (Flyball, 7D, EV 99.4 MPH), Distance : 370 ft
Batting: RHB Brian Radford 0-0: Ball
1-0: Ball
2-0: Fly out, F7 (Flyball, 78M, EV 86.9 MPH)
Batting: SHB Julio Sanchez 0-0: Ground out 4-3 (Groundball, 4, EV 83.8 MPH)
Top of the 6th over - 2 runs, 2 hits, 0 errors, 0 left on base; Daytona 2 - Bradenton 4
BOTTOM OF THE 6TH
Bradenton Marauders batting - Pitching for Daytona Tortugas : RHP Dan Averill
Batting: RHB Freddy Castellanos 0-0: Ground out 6-3 (Groundball, 6, EV 87.5 MPH)
Batting: RHB Jim Arnold 0-0: Ball
1-0: Called Strike
1-1: Called Strike
1-2: Ball
2-2: Strikes out swinging
Batting: RHB Justin Anselmi 0-0: Called Strike
0-1: Ball
1-1: SOLO HOME RUN (Flyball, 7D, EV 98.1 MPH), Distance : 366 ft
Pitching: LHP Steve McLaughlin
Batting: RHB John Sexton 0-0: Ball
1-0: Ball
2-0: Called Strike
2-1: Called Strike
2-2: Strikes out looking
Bottom of the 6th over - 1 run, 1 hit, 0 errors, 0 left on base; Daytona 2 - Bradenton 5
TOP OF THE 7TH
Daytona Tortugas batting - Pitching for Bradenton Marauders : RHP Alfonso Lucero
Batting: RHB Orlando Morales 0-0: Foul Ball, location: 2F
0-1: Ball
1-1: Ball
2-1: Swinging Strike
2-2: Ball
3-2: Base on Balls
Pitching: RHP Armando Morales
Batting: RHB Rich Holland 0-0: Grounds into double play, 6-4-3 (Groundball, 6, EV 83.1 MPH)
Batting: RHB Sean Wisher 0-0: Ball
1-0: SINGLE (Line Drive, 7S, EV 110.0 MPH)
Batting: RHB Tim Doucet 0-0: Swinging Strike
0-1: Ball
1-1: Ball
2-1: Ball
3-1: SINGLE (Groundball, P, EV 83.1 MPH) (infield hit)
Sean Wisher to second
Batting: RHB Mike Arnold 0-0: Ball
1-0: Called Strike
1-1: Ball
2-1: Fly out, F5 (Line Drive, 5, EV 65.6 MPH)
Top of the 7th over - 0 runs, 2 hits, 0 errors, 2 left on base; Daytona 2 - Bradenton 5
BOTTOM OF THE 7TH
Bradenton Marauders batting - Pitching for Daytona Tortugas : LHP Steve McLaughlin
Batting: RHB Luis Pena 0-0: Ground out 5-3 (Groundball, 5, EV 103.1 MPH)
Batting: RHB Alejandro Fernandez 0-0: Ball
1-0: Foul Ball, location: 23FF
1-1: Foul Ball, location: 3FF
1-2: Ball
2-2: SINGLE (Line Drive, 89M, EV 90.6 MPH)
Batting: RHB Sean Malone 0-0: SINGLE (Line Drive, 7LS, EV 100.6 MPH)
Alejandro Fernandez to second
Batting: RHB Noel Jacobs 0-0: Fly out, F9 (Flyball, 9S, EV 93.8 MPH)
Batting: RHB Mike Clinton 0-0: Called Strike
0-1: Foul Ball, location: 2F
0-2: Strikes out looking
Bottom of the 7th over - 0 runs, 2 hits, 0 errors, 2 left on base; Daytona 2 - Bradenton 5
TOP OF THE 8TH
Daytona Tortugas batting - Pitching for Bradenton Marauders : RHP Armando Morales
Batting: RHB Kyle Chouinard 0-0: Foul Ball, location: 5F
0-1: Foul Ball, location: 25F
0-2: Ball
1-2: Ground out 5-3 (Groundball, 56, EV 88.8 MPH)
Batting: RHB David Clinkscale 0-0: Ball
1-0: Foul Ball, location: 9LDF
1-1: Ball
2-1: Ball
3-1: Foul Ball, location: 9LMF
3-2: Reached on error, E6 (Groundball, 6, EV 90.6 MPH)
Batting: RHB Brian Radford 0-0: Swinging Strike
0-1: Called Strike
0-2: Ball
1-2: Foul Ball, location: 2F
1-2: Strikes out swinging
Batting: SHB Julio Sanchez 0-0: Ball
Wild Pitch!
David Clinkscale to second
1-0: Ball
2-0: Called Strike
2-1: Foul Ball, location: 2F
2-2: Foul Ball, location: 25FF
2-2: Ball
3-2: Foul Ball, location: 23F
3-2: Foul Ball, location: 7LDF
3-2: Ground out 6-3 (Groundball, 6, EV 78.8 MPH)
Top of the 8th over - 0 runs, 0 hits, 1 error, 1 left on base; Daytona 2 - Bradenton 5
BOTTOM OF THE 8TH
Bradenton Marauders batting - Pitching for Daytona Tortugas : LHP Steve McLaughlin
Batting: RHB Freddy Castellanos 0-0: Swinging Strike
0-1: Called Strike
0-2: Foul Ball, location: 25F
0-2: Foul Ball, location: 7LMF
0-2: Strikes out swinging
Batting: RHB Jim Arnold 0-0: Ball
1-0: Ball
2-0: Called Strike
2-1: Called Strike
2-2: Foul Ball, location: 2F
2-2: Ball
3-2: Foul Ball, location: 9LDF
3-2: Foul Ball, location: 2F
3-2: Foul Ball, location: 2F
3-2: Foul Ball, location: 5SF
3-2: Base on Balls
Pitching: RHP Chad Greene
Batting: RHB Justin Anselmi 0-0: Ball
1-0: Foul Ball, location: 5FF
1-1: Swinging Strike
1-2: Ground out 5-3 (Groundball, 56S, EV 73.1 MPH)
Jim Arnold to second
Batting: RHB John Sexton 0-0: Ball
1-0: Ball
2-0: Ball
3-0: Base on Balls
Batting: RHB Luis Pena 0-0: Ground out 1-3 (Groundball, P, EV 74.4 MPH)
Bottom of the 8th over - 0 runs, 0 hits, 0 errors, 2 left on base; Daytona 2 - Bradenton 5
TOP OF THE 9TH
Daytona Tortugas batting - Pitching for Bradenton Marauders : RHP Armando Morales
Pitching: RHP Elias Pastrana
Batting: RHB Orlando Morales 0-0: Ball
1-0: Swinging Strike
1-1: Called Strike
1-2: Ball
2-2: Foul Ball, location: 5FF
2-2: Ground out 4-3 (Groundball, 4, EV 84.4 MPH)
Batting: RHB Rich Holland 0-0: Ball
1-0: Ball
2-0: Foul Ball, location: 2F
2-1: SINGLE (Flyball, 3D, EV 85.0 MPH)
Batting: RHB Sean Wisher 0-0: Ball
1-0: Fly out, F3 (Popup, 23F, EV 78.8 MPH)
Pinch Hitting: RHB Joe Mills 0-0: Ball
1-0: Fly out, F8 (Flyball, 89D, EV 104.4 MPH)
Top of the 9th over - 0 runs, 1 hit, 0 errors, 1 left on base; Daytona 2 - Bradenton 5
Tuesday, May 14th , 2024 - OOTP Baseball 24.11 Build 85